 Dungeon Crawl Stone Soup version 0.31-a0-112-gdf0485fa37 (webtiles) character file.

Game seed: 13010041179470491874

2246 pokeman the Thaumaturge (level 9, -3/48 HPs)
             Began as a Deep Elf Hedge Wizard on May 28, 2023.
             Was a Follower of Vehumet.
             Slain by a vampire
             ... wielding a +1 vampiric halberd
              (15 damage)
             ... in a bailey.
             The game lasted 00:18:47 (7903 turns).

pokeman the Thaumaturge (Deep Elf Hedge Wizard)     Turns: 7903, Time: 00:18:48

Health: -3/48      AC:  7    Str:  7    XL:     9   Next: 15%
Magic:  3/25       EV: 12    Int: 24    God:    Vehumet [*.....]
Gold:   138        SH:  0    Dex: 12    Spells: 16/29 levels left

rFire   . . .        a - +1 shortbow (flame)
rCold   + . .        (shield currently unavailable)
rNeg    . . .        b - +0 robe
rPois   +            r - +0 helmet
rElec   .            x - +0 cloak {Will+}
rCorr   .            (no gloves)
SInv    .            n - +0 pair of boots
Will    +....        (no amulet)
Stlth   ++           k - ring of poison resistance
HPRegen 1.08/turn    e - ring of protection from cold
MPRegen 0.19/turn

%: no passive effects
@: very slightly contaminated
A: iridescent scales 1, clumsy 1, regeneration 1
a: Renounce Religion


You were in a bailey.
You worshipped Vehumet.
Vehumet was aware of your devotion.
You visited 2 branches of the dungeon, and saw 8 of its levels.
You also visited: Bailey.

You collected 384 gold pieces.
You spent 246 gold pieces at shops.

Inventory:

Hand Weapons
 a - a +1 shortbow of flaming (weapon)
 q - a +1 dagger of protection
 w - a +4 quarterstaff of chaos
Armour
 b - a +0 robe (worn)
 n - a +0 pair of boots (worn)
 r - a +0 helmet (worn)
 t - a +0 buckler
 x - a +0 cloak of willpower (worn)
Jewellery
 e - a ring of protection from cold (right hand)
 k - a ring of poison resistance (left hand)
Wands
 y - a wand of flame (21)
Scrolls
 c - a scroll of brand weapon
 g - a scroll of fear
 i - 3 scrolls of magic mapping
 j - 2 scrolls of identify
 l - 3 scrolls of amnesia
 o - 3 scrolls of enchant armour {unknown}
 p - a scroll of blinking
 s - 6 scrolls of teleportation {unknown}
 v - a scroll of silence {unknown}
Potions
 d - a potion of magic
 h - a potion of heal wounds
 u - a potion of mutation


   Skills:
 - Level 2.0 Fighting
 - Level 2.0 Armour
 - Level 3.0 Dodging
 - Level 3.1 Stealth
 + Level 2.5 Shields
 * Level 10.9 Spellcasting
 + Level 5.8 Conjurations
 + Level 5.1 Summonings
 - Level 1.1 Translocations
 - Level 1.0 Ice Magic
 - Level 1.0 Air Magic
 - Level 1.1 Poison Magic
 - Level 1.1 Evocations


You had 16 spell levels left.
You knew the following spells:

 Your Spells              Type           Power      Damage    Failure   Level
a - Magic Dart            Conj           100%       1d8       1%          1
b - Mephitic Cloud        Conj/Pois/Air  25%        N/A       4%          3
c - Call Imp              Summ           74%        N/A       1%          2
d - Blink                 Tloc           36%        N/A       4%          2
e - Freezing Cloud        Conj/Ice/Air   12%        6-21      41%         5

Your spell library contained the following spells:

 Spells                   Type           Power      Damage    Failure   Level
 Freeze                   Ice            72%        1d8       3%          1
 Slow                     Hex            52%        N/A       4%          1
 Lesser Beckoning         Tloc           36%        N/A       4%          2
 Poisonous Vapours        Pois/Air       36%        N/A       4%          2
 Cigotuvi's Dreadful Rot  Necr/Pois/Air  32%        N/A       5%          2
 Gell's Gravitas          Tloc           18%        N/A       9%          3
 Teleport Other           Tloc           18%        N/A       9%          3


Dungeon Overview and Level Annotations

Branches:
Dungeon (7/15)             Temple (1/1) D:4          Bailey (1/1)

Altars:
Dithmenos
Gozag
Hepliaklqana
Kikubaaqudgha
Nemelex Xobeh
Okawaru
Ru
Sif Muna
Vehumet
Wu Jian
Zin
The Shining One
Lugonu

Shops:
D:4 ?

Annotations:
D:7 Dowan


Innate Abilities, Weirdness & Mutations

You are partially covered in iridescent scales. (AC +2)
You are clumsy. (Dex -2)
Your natural rate of healing is unusually fast.


Message History

You shoot an arrow. The arrow barely misses the vampire.
The vampire is engulfed in freezing vapours.
The vampire hits you from afar with a +1 vampiric halberd!
The vampire draws strength from your wounds!
Fire: a) +1 shortbow (flame)
Press: ? - help, Q - select action, (/) - cycle Shift-Dir - straight line, f/p - vampire
Aim: a vampire, wielding a +1 vampiric halberd and wearing a +0 scale mail (severely damaged, 63% to hit)
You shoot an arrow. The arrow barely misses the vampire.
The vampire mumbles some strange words.
The vampire flickers and vanishes!
Deactivating autopickup; reactivate with Ctrl-A.
You hear some strange, mumbled words.
You are confused.
Non-targeted confused fire: a) +1 shortbow (flame)
Press: ? - help, Q - select action, (/) - cycle Dir - look around, f - activate You shoot an arrow.
Unknown command.
Okay, then.
Unknown command.
Non-targeted confused fire: a) +1 shortbow (flame)
Press: ? - help, Q - select action, (/) - cycle Dir - look around, f - activate You shoot an arrow.
Unknown command.
You feel less confused.
Casting: Freezing Cloud (extremely dangerous; 41% risk of failure)
Confirm with . or Enter, or press ? or * to list all spells.
The spell is extremely dangerous to miscast (41% risk of failure)!
Continue anyway?
Aiming: Freezing Cloud (extremely dangerous; 41% risk of failure)
Press: ? - help, Dir - move target That beam is likely to hit you.
Continue anyway?
You are engulfed in freezing vapours.
You resist. Something hits you! Something hits you.
Unknown command.
Fire: a) +1 shortbow (flame)
Press: ? - help, Q - select action, (/) - cycle Shift-Dir - straight line You shoot an arrow.
Something hits you!
* * * LOW HITPOINT WARNING * * *
Something hits you!
You die...

♣....#................#
♣....##........#..#...#
♣..8..#+#####)##..#...#
...88.#....)).##..#...#
......#.......##§.#...#
≈...8.#+########§§#...#
≈≈.............#§{#####♣♣♣
≈≈≈≈≈≈≈≈≈≈≈≈≈≈≈#§☼#≈≈≈≈≈≈♣
♣♣≈≈≈≈≈≈≈≈≈≈≈≈≈#@§#≈≈≈≈≈≈♣
♣♣♣♣♣♣♣♣♣#....#..#....#
##..........##
###..)...### #........#
#..∩..∩..# ##......##
########


There were no monsters in sight!

Vanquished Creatures
  A gargoyle (Bailey)
  A steam dragon (D:6)
  2 water moccasins
  Duvessa (D:7)
  A black bear (D:4)
  An ice beast (D:6)
  A phantom (D:4)
  2 scorpions (D:4)
  7 vampire bats (Bailey)
  5 wolf zombies (Bailey)
  5 hounds
  Crazy Yiuf (D:5)
  An orc priest (D:4)
  An iguana (D:4)
  A gnoll bouda (D:5)
  9 gnolls
  10 adders
  3 shadow imps
  A white imp (D:6)
  2 dart slugs
  13 orcs
  6 ball pythons
  2 bat zombies (D:3)
  9 endoplasms
  A giant cockroach (D:4)
  8 goblins
  4 hobgoblins
  7 jackals
  A quokka (D:1)
  3 bats
  A frilled lizard (D:3)
  3 kobolds
  18 orc zombies (Bailey)
  6 rats
  2 rat zombies (D:3)
140 creatures vanquished.

Vanquished Creatures (collateral kills)
  A vampire bat (Bailey)
  A sleepcap (D:5)
  3 orc zombies (Bailey)
  2 orcs
7 creatures vanquished.

Grand Total: 147 creatures vanquished

Notes
Turn   | Place    | Note
-------+----------+-------------------------------------------
     0 | D:1      | pokeman the Deep Elf Hedge Wizard began the quest for the
                  | Orb.
     0 | D:1      | Reached XP level 1. HP: 10/10 MP: 7/7
   161 | D:1      | Found a faded altar of an unknown god.
   214 | D:1      | Reached XP level 2. HP: 15/15 MP: 1/9
  1123 | D:2      | Found a hazy altar of Hepliaklqana.
  1169 | D:2      | Reached skill level 5 in Spellcasting
  1228 | D:2      | Reached XP level 3. HP: 20/20 MP: 0/11
  1232 | D:2      | Learned a level 3 spell: Mephitic Cloud
  1235 | D:2      | Learned a level 2 spell: Call Imp
  1238 | D:2      | Learned a level 2 spell: Blink
  1510 | D:2      | Reached skill level 1 in Armour
  1804 | D:3      | Reached skill level 1 in Fighting
  2393 | D:3      | Reached XP level 4. HP: 25/25 MP: 8/13
  2430 | D:3      | Found an ancient bone altar of Kikubaaqudgha.
  2934 | D:4      | Noticed a black bear
  2938 | D:4      | Noticed a scorpion
  3213 | D:4      | Found Foginn's Magic Scroll Emporium.
  3218 | D:4      | Bought a scroll of magic mapping for 97 gold pieces
  3218 | D:4      | Bought a scroll of identify for 26 gold pieces
  3218 | D:4      | Bought a scroll of identify for 26 gold pieces
  3227 | D:4      | Noticed a scorpion
  3237 | D:4      | Reached skill level 6 in Spellcasting
  3237 | D:4      | Reached XP level 5. HP: 23/29 MP: 2/15
  3267 | D:4      | Reached skill level 1 in Air Magic
  3267 | D:4      | Reached skill level 1 in Poison Magic
  3468 | D:4      | Reached XP level 6. HP: 33/34 MP: 7/17
  3609 | D:4      | Reached skill level 7 in Spellcasting
  3847 | D:4      | Reached XP level 7. HP: 36/39 MP: 7/20
  4027 | D:4      | Found an ornate altar of the Wu Jian Council.
  4070 | D:4      | Found a staircase to the Ecumenical Temple.
  4086 | Temple   | Entered the Ecumenical Temple
  4101 | Temple   | Became a worshipper of Vehumet
  4165 | D:4      | Bought a scroll of magic mapping for 97 gold pieces
  4170 | D:5      | Entered Level 5 of the Dungeon
  4845 | D:5      | Reached skill level 8 in Spellcasting
  5418 | D:5      | Found a runed translucent door.
  5419 | D:5      | Noticed Crazy Yiuf
  5471 | D:5      | Killed Crazy Yiuf
  5582 | D:6      | Reached XP level 8. HP: 34/44 MP: 12/22
  5682 | D:6      | Learned a level 5 spell: Freezing Cloud
  5823 | D:6      | Found a glowing golden altar of the Shining One.
  5829 | D:6      | Found a sacrificial altar of Ru.
  5835 | D:6      | Found an iron altar of Okawaru.
  5840 | D:6      | Reached skill level 9 in Spellcasting
  5860 | D:6      | Found a shadowy altar of Dithmenos.
  6078 | D:6      | Reached skill level 1 in Ice Magic
  6508 | D:7      | Noticed Dowan
  6508 | D:7      | Noticed Duvessa
  6525 | D:7      | Reached skill level 1 in Evocations
  6551 | D:7      | Found a flagged portal.
  6553 | D:7      | Killed Duvessa
  6554 | D:7      | Reached skill level 1 in Shields
  6554 | D:7      | Reached skill level 5 in Conjurations
  6558 | Bailey   | Entered a bailey
  6797 | Bailey   | Reached * piety under Vehumet
  6797 | Bailey   | Offered knowledge of Freeze by Vehumet.
  6907 | Bailey   | Noticed a gargoyle
  6937 | Bailey   | Gained mutation: You are clumsy. (Dex -2) [potion of
                  | mutation]
  6937 | Bailey   | Lost mutation: You are clumsy. (Dex -2) [potion of
                  | mutation]
  6954 | Bailey   | Killed a gargoyle
  6955 | Bailey   | Reached skill level 10 in Spellcasting
  7344 | Bailey   | Reached XP level 9. HP: 21/48 MP: 9/25
  7460 | Bailey   | Reached skill level 5 in Summonings
  7848 | Bailey   | Gained mutation: You are partially covered in iridescent
                  | scales. (AC +2) [potion of mutation]
  7848 | Bailey   | Gained mutation: You are clumsy. (Dex -2) [potion of
                  | mutation]
  7848 | Bailey   | Gained mutation: Your natural rate of healing is unusually
                  | fast. [potion of mutation]
  7903 | Bailey   | Slain by a vampire

Illustrated notes

Levels and vault maps discovered:
D:1:      sevenhm_arrival_forest_fort_small_4, layout_rooms, serial_aquarium,
          aquarium_bridge_square [aquarium_subvault_bridge,
          aquarium_subvault_wall, aquarium_subvault_bridge,
          aquarium_subvault_balcony], aquarium_bridge_straight
          [aquarium_subvault_bridge, aquarium_subvault_window,
          aquarium_subvault_bridge, aquarium_subvault_window],
          aquarium_window_1, aquarium_window_2, aquarium_view_2a,
          aquarium_pool_five, basic_ecumenical_altar
D:2:      layout_loops_cross, basic_altar, dk_noncrumbling_3
D:3:      layout_loops_ring, lemuel_zombie_altar_kikubaaqudgha,
          minmay_strange_pillars, fountainhead
D:4:      layout_loops_ring, pdpol_wu_jian_five_deadly_venoms,
          minmay_temple_entry_offerings, serial_shops, shop_fountains
D:5:      layout_rooms, minmay_misc_feat_hallway, uniq_crazy_yiuf_cottage
D:6:      layout_basic, grunt_temple_overflow_open
D:7:      layout_rooms, kennysheep_slug_shrine, xom_butterflies,
          elyvilon_altar_4, enter_bailey_3, uniq_duvessa
Temple:   corrupted_temple
Bailey:   bailey_polearm_vampire_castle_hellmonk, bailey

Skill      XL: |  1  2  3  4  5  6  7  8  9 |
---------------+----------------------------+-----
Spellcasting   | 5 6 7 8 10 | 10.9
Armour         | 1 2 |  2.0
Conjurations   | 2 3 4 5 |  5.8
Fighting       | 1 2 |  2.0
Dodging        | 3 |  3.0
Stealth        | 3 |  3.1
Air Magic      | 1 |  1.0
Poison Magic   | 1 |  1.1
Summonings     | 2 3 4 5 |  5.1
Ice Magic      | 1 |  1.0
Evocations     | 1 |  1.1
Shields        | 2 |  2.5
Translocations | |  1.1

Action                     |  1- 3 |  4- 6 |  7- 9 || total
---------------------------+-------+-------+-------++-------
  Melee: Dagger            |    22 |    59 |    72 ||   153
         Punch             |       |       |     2 ||     2
   Fire: Shortbow          |       |       |    10 ||    10
   Cast: Magic Dart        |   102 |    92 |   259 ||   453
         Mephitic Cloud    |       |     9 |    17 ||    26
         Call Imp          |       |     1 |    10 ||    11
         Blink             |       |     1 |     2 ||     3
         Freezing Cloud    |       |       |     2 ||     2
  Evoke: Wand              |       |       |     3 ||     3
    Use: Potion            |       |       |     6 ||     6
         Scroll            |       |       |     5 ||     5
   Stab: Sleeping          |     2 |     1 |       ||     3
         Confused          |       |    12 |     7 ||    19
         Invisible         |       |       |     2 ||     2
 Armour: Robe              |    18 |    36 |    42 ||    96
         Skin              |       |       |     3 ||     3
  Dodge: Dodged            |    54 |    86 |   141 ||   281

Table legend: (Time is in decaauts)
 A = Elapsed time spent in this place.
 B = Non-inter-level travel time spent in this place.
 C = Inter-level travel time spent in this place.
 D = Time resting spent in this place.
 E = Time spent auto-exploring this place.
 F = Levels seen in this place.
 G = Mean time per level.
                   A        B        C        D        E       F      G
               +--------+--------+--------+--------+--------+-----+--------+
         Total |   7909 |   7691 |    218 |    351 |   5923 |   9 |  878.8 |
       Dungeon |   6529 |   6326 |    203 |     77 |   5270 |   7 |  932.7 |
        Temple |     32 |     17 |     15 |      0 |      5 |   1 |   32.0 |
        Bailey |   1347 |   1347 |      0 |    274 |    648 |   1 | 1347.0 |
               +--------+--------+--------+--------+--------+-----+--------+

Top non-repeatable levels by time:
     D:4: 1500 daAuts
  Bailey: 1347 daAuts
     D:3: 1182 daAuts
     D:5: 1021 daAuts
     D:6: 956 daAuts
     D:1: 940 daAuts
     D:2: 860 daAuts
     D:7: 67 daAuts
  Temple: 32 daAuts
